 Dungeon Crawl Stone Soup version 0.30-a0-967-g9b59a09336 (webtiles) character file.

Game seed: 15718573361441518126

249 Gargoyl the Chopper (level 6, -1/39 HPs)
             Began as a Gargoyle Berserker on Mar 31, 2023.
             Was a Believer of Trog.
             Splashed by a jelly's acid (7 damage)
             ... on level 3 of the Dungeon.
             The game lasted 00:02:38 (1701 turns).

Gargoyl the Chopper (Gargoyle Berserker)            Turns: 1701, Time: 00:02:40

Health: -1/39      AC:  6    Str: 21    XL:     6   Next: 12%
Magic:  6/6        EV: 11    Int:  7    God:    Trog [**....]
Gold:   177        SH:  0    Dex: 11    Spells: 5/5 levels left

rFire   + . .      SeeInvis .    a - +0 hand axe
rCold   + . .      Faith    .    (no shield)
rNeg    + . .      Spirit   .    j - +0 ring mail
rPois   ∞          Reflect  .    (no helmet)
rElec   +          Rampage  .    d - scarf {rC+ rF+}
rCorr   .                        (no gloves)
Will    .....                    (no boots)
Stlth   +                        (no amulet)
HPRegen 0.26/turn                (no ring)
MPRegen 0.10/turn                (no ring)

@: corroded, on berserk cooldown, slowed, very slow
A: sickness immunity, AC +4, negative energy resistance 1, electricity
resistance, torment resistance 1, petrification resistance
a: Renounce Religion, Berserk, Trog's Hand


You were on level 3 of the Dungeon.
You worshipped Trog.
Trog was pleased with you.
You visited 1 branch of the dungeon, and saw 3 of its levels.

You collected 177 gold pieces.

Inventory:

Hand Weapons
 a - a +0 hand axe (weapon)
Armour
 d - a scarf of resistance (worn)
 j - a +0 ring mail (worn)
Scrolls
 b - a scroll of identify {unknown}
 c - a scroll of blinking {unknown}
 e - a scroll of torment {unknown}
 f - a scroll of fog {unknown}
 g - a scroll of noise {unknown}
 i - 3 scrolls of magic mapping {unknown}
 k - a scroll of teleportation {unknown}
Potions
 h - a potion of heal wounds {unknown}
 l - a potion of degeneration {unknown}


   Skills:
 + Level 4.5 Fighting
 + Level 4.5 Axes
 + Level 3.0 Armour
 + Level 2.3 Dodging
 + Level 1.3 Stealth


You had 5 spell levels left.
You didn't know any spells.
Your spell library was empty.

Dungeon Overview and Level Annotations

Branches:
Dungeon (3/15)

Altars:


Innate Abilities, Weirdness & Mutations

You are immune to sickness and miasma.
Your stone body is resilient. (AC +4)
You are immune to poison.
You resist negative energy. (rN+)
You are resistant to electric shocks. (rElec)
You are resistant to unholy torment.
You are immune to petrification.


Message History

Found a scroll labelled SUSHUPNUCS.
You feel a strong urge to attack something.
A jelly comes into view.
You are no longer berserk.
You are exhausted.
You feel yourself slow down.
The jelly quivers.
Found a quarterstaff.
Your skin stops crawling.
You feel less strong-willed.
The dart slug briefly extends its eye-stalks.
The dart slug launches a dart at you. The slug dart misses you.
You hit the dart slug.
The dart slug is heavily wounded.
The dart slug barely misses you.
You hit the dart slug.
The dart slug is almost dead.
The dart slug barely misses you.
You hit the dart slug.
You kill the dart slug!
Trog accepts your kill. The jelly hits you.
You are splashed with acid!
You hit the jelly.
Your hands burn!
The jelly is lightly wounded.
The jelly barely misses you.
The jelly jiggles.
The jelly hits you.
You are splashed with acid!
You slash the jelly! The acid corrodes you!
Your hands burn!
The jelly is severely wounded.
The jelly barely misses you.
You hit the jelly.
Your hands burn!
The jelly is almost dead.
The jelly misses you. The jelly hits you but does no damage.
You hit the jelly but do no damage.
Your hands burn!
* * * LOW HITPOINT WARNING * * *
The jelly is almost dead.
The jelly hits you.
* * * LOW HITPOINT WARNING * * *
You are splashed with acid!
You die...

#.# #...#
#.###...#
#..##...#
##..#)..#
###..)..#
#../.)..#
.....#.#...#
#.#####.....#
#.#.@J#
#............
...............
##.............
##............
...........?..
###............
#......).....


You could see a jelly.

Vanquished Creatures
  Sigmund (D:2)
  An orc wizard (D:3)
  An adder (D:2)
  3 dart slugs
  3 orcs (D:3)
  6 ball pythons
  5 endoplasms
  4 giant cockroaches
  7 goblins
  2 hobgoblins (D:1)
  5 kobolds
  2 quokkas (D:2)
  2 bats (D:2)
  3 frilled lizards
  4 rats
49 creatures vanquished.

Vanquished Creatures (others)
  An adder (D:3)
1 creature vanquished.

Grand Total: 50 creatures vanquished

Notes
Turn   | Place    | Note
-------+----------+-------------------------------------------
     0 | D:1      | Gargoyl the Gargoyle Berserker began the quest for the Orb.
     0 | D:1      | Reached XP level 1. HP: 14/14 MP: 1/1
   183 | D:1      | Reached XP level 2. HP: 19/19 MP: 2/2
   882 | D:2      | Reached XP level 3. HP: 22/24 MP: 3/3
  1261 | D:2      | Reached ** piety under Trog
  1446 | D:2      | Noticed Sigmund
  1454 | D:2      | Killed Sigmund
  1455 | D:2      | Reached skill level 1 in Stealth
  1455 | D:2      | Reached XP level 4. HP: 30/30 MP: 4/4
  1455 | D:2      | Reached XP level 5. HP: 34/34 MP: 5/5
  1689 | D:3      | Reached XP level 6. HP: 39/39 MP: 6/6
  1701 | D:3      | Splashed by a jelly's acid

Illustrated notes

Levels and vault maps discovered:
D:1:      dpeg_arrival_line_fractal, layout_loops_ring, minmay_tetromino_l2
D:2:      layout_basic, serial_rivers, chequers_serial_rivers_small_3,
          chequers_serial_rivers_micro_e, chequers_serial_rivers_large_a,
          chequers_serial_rivers_small_a, chequers_serial_rivers_micro_c,
          uniq_sigmund
D:3:      layout_rooms, shapermc_ecumenical_altar_gd,
          ebering_dispersal_statue_hall, uniq_natasha

Skill      XL: |  1  2  3  4  5 |
---------------+----------------+-----
Axes           | 3 4 |  4.5
Fighting       | 4 |  4.5
Dodging        | 2 |  2.3
Stealth        | 1 |  1.3
Armour         | 3 |  3.0

Action                     |  1- 3 |  4- 6 || total
---------------------------+-------+-------++-------
  Melee: Hand axe          |   120 |    24 ||   144
 Invoke: Berserk           |     1 |     1 ||     2
         Trog's Hand       |     1 |     1 ||     2
 Armour: Animal skin       |    14 |       ||    14
         Ring mail         |    33 |     6 ||    39
  Dodge: Dodged            |    68 |    18 ||    86

Table legend: (Time is in decaauts)
 A = Elapsed time spent in this place.
 B = Non-inter-level travel time spent in this place.
 C = Inter-level travel time spent in this place.
 D = Time resting spent in this place.
 E = Time spent auto-exploring this place.
 F = Levels seen in this place.
 G = Mean time per level.
                   A        B        C        D        E       F      G
               +--------+--------+--------+--------+--------+-----+--------+
         Total |   1742 |   1644 |     98 |      0 |   1196 |   3 |  580.7 |
       Dungeon |   1742 |   1644 |     98 |      0 |   1196 |   3 |  580.7 |
               +--------+--------+--------+--------+--------+-----+--------+

Top non-repeatable levels by time:
     D:2: 881 daAuts
     D:1: 791 daAuts
     D:3: 69 daAuts
